 Dungeon Crawl Stone Soup version 0.21.0-3-g78d12a8 (webtiles) character file.

605 Haldmier the Slasher (level 7, 0/38 HPs)
             Began as a Deep Elf Warper on Jan 14, 2018.
             Was an Initiate of Ashenzari.
             Killed by divine providence
             ... invoked by an orc priest
              (14 damage)
             ... on level 6 of the Dungeon.
             The game lasted 00:31:51 (6383 turns).

Haldmier the Slasher (Deep Elf Warper)              Turns: 6383, Time: 00:31:52

Health: 0/38       AC:  8    Str: 10      XL:     7   Next: 19%
Magic:  13/13      EV: 12    Int: 18      God:    Ashenzari [......]
Gold:   191        SH:  0    Dex: 12 (14) Spells: 2/12 levels left

rFire    . . .     SeeInvis .   a - +1 falchion
rCold    + . .     Gourm    .   (no shield)
rNeg     . . .     Faith    .   y - +0 leather armour
rPois    .         Spirit   .   (no helmet)
rElec    .         Reflect  .   (no cloak)
rCorr    .         Harm     .   l - +1 pair of gloves
MR       .....                  (no boots)
Stlth    ++........             B - amulet of regeneration
HPRegen  0.52/turn              m - ring of protection from cold
MPRegen  0.13/turn              z - +3 ring of protection

@: shrouded (expiring)
A: no striking features
a: Curse Item, Renounce Religion


You were on level 6 of the Dungeon.
You worshipped Ashenzari.
Ashenzari was noncommittal.
You were not hungry.

You visited 2 branches of the dungeon, and saw 7 of its levels.

You collected 191 gold pieces.

Inventory:

Hand Weapons
 a - a +1 falchion (weapon)
 v - a +0 hunting sling
 C - a cursed -1 long sword
Missiles
 e - 5 tomahawks of dispersal
 i - 208 stones
 w - 32 sling bullets
 D - 4 tomahawks of returning (quivered)
Armour
 l - a +1 pair of gloves (worn)
 n - a +0 ring mail
 y - a +0 leather armour (worn)
Magical Staves
 E - an uncursed staff of poison
Jewellery
 b - an uncursed amulet of magic regeneration
 m - a ring of protection from cold (left hand)
 u - an uncursed amulet of rage
 z - a +3 ring of protection (right hand)
 A - a +6 ring of intelligence
 B - an amulet of regeneration (around neck)
Wands
 F - a wand of flame (19)
Scrolls
 d - 5 scrolls of teleportation
 j - 3 scrolls of fear
 k - a scroll of remove curse
 x - a scroll of immolation
Potions
 g - 3 potions of heal wounds
 h - a potion of curing {unknown}
 o - a potion of brilliance {unknown}
 p - a potion of flight {unknown}
 q - 3 potions of mutation {unknown}
 r - 3 potions of agility
 s - 2 potions of lignification
Books
 c - a book of Spatial Translocations

   Spells                             Type                      Level
   a - Blink                          Translocation                2
   b - Shroud of Golubria             Charms/Translocation         2
   c - Lesser Beckoning               Translocation                3
   d - Gell's Gravitas                Translocation                3
   e - Teleport Other                 Translocation                3
   f - Passage of Golubria            Translocation                4
Comestibles
 f - 8 rations


   Skills:
 - Level 1.5 Fighting
 + Level 6.8 Long Blades
 - Level 1.0 Throwing
 - Level 0.7 Armour
 - Level 2.4 Dodging
 - Level 3.1 Stealth
 - Level 3.0 Spellcasting
 + Level 1.0 Charms
 - Level 3.2 Translocations


You had 2 spell levels left.
You knew the following spells:

 Your Spells              Type           Power        Failure   Level  Hunger
a - Shroud of Golubria    Chrm/Tloc      ##........   14%         2    ##.....
b - Blink                 Tloc           N/A          9%          2    ##.....
c - Gell's Gravitas       Tloc           ##........   17%         3    ###....
d - Lesser Beckoning      Tloc           ##........   17%         3    ###....


Dungeon Overview and Level Annotations

Branches:
Dungeon (6/15)             Temple (1/1) D:5

Altars:
Ashenzari
Cheibriados
Dithmenos
Elyvilon
Fedhas
Gozag
Hepliaklqana
Kikubaaqudgha
Makhleb
Nemelex Xobeh
Okawaru
Qazlal
Ru
Sif Muna
Trog
Uskayaw
Vehumet
Wu Jian
Xom
Yredelemnul
Zin
The Shining One

Annotations:
D:3 kegs's ghost, amateur HOFi


Message History

You closely miss the orc priest.
Your shroud bends the orc priest's attack away.
You barely miss the orc priest.
The orc priest hits you but does no damage.
You hit the orc priest but do no damage.
Your shroud begins to fray at the edges.
You barely miss the orc priest. The orc priest closely misses you.
You hit the orc priest.
The orc priest is lightly wounded.
Your shroud bends the orc priest's attack away.
You hit the orc priest but do no damage.
The orc priest is lightly wounded.
The orc priest miscasts a cantrip.
You hit the orc priest but do no damage.
The orc priest is lightly wounded.
The orc priest calls down the wrath of Beogh upon you.
Beogh smites you!
The orc priest calls down the wrath of Beogh upon you.
Beogh smites you!
You die...

#.# ##.#
.... ...
#.#
##.######
#..)....#
#.@.o...#
#...##..#
#....# #
#....#..#.#
#..<.<.....
#.####.####
#. .# ## #


You could see an orc priest.

Vanquished Creatures
  Sigmund (D:3)
  A crimson imp (D:4)
  A bullfrog zombie (D:5)
  A quasit (D:5)
  A hound (D:4)
  4 orc wizards
  An iguana (D:4)
  8 adders
  A howler monkey skeleton (D:4)
  A worm (D:2)
  A dart slug (D:2)
  3 leopard geckos
  12 orcs
  A ball python (D:5)
  4 bats
  6 giant cockroaches
  2 goblins
  5 hobgoblins
  4 jackals (D:1)
  7 kobolds
  2 quokkas
  2 frilled lizards
  A leopard gecko skeleton (D:6)
  A quokka zombie (D:5)
  9 rats
80 creatures vanquished.

Notes
Turn   | Place    | Note
-------+----------+-------------------------------------------
     0 | D:1      | Haldmier the Deep Elf Warper began the quest for the Orb.
     0 | D:1      | Reached XP level 1. HP: 12/12 MP: 6/6
    69 | D:1      | Reached skill level 2 in Long Blades
   573 | D:1      | Reached XP level 2. HP: 15/16 MP: 8/8
   906 | D:1      | Learned a level 2 spell: Shroud of Golubria
   909 | D:1      | Learned a level 2 spell: Blink
  1228 | D:1      | Reached skill level 3 in Long Blades
  1662 | D:2      | Reached XP level 3. HP: 20/20 MP: 6/9
  2336 | D:2      | Reached skill level 4 in Long Blades
  2336 | D:2      | Reached XP level 4. HP: 20/25 MP: 7/10
  2667 | D:2      | You fall through a shaft for 2 floors!
  2728 | D:5      | Entered Level 5 of the Dungeon
  2975 | D:5      | Reached skill level 5 in Long Blades
  2975 | D:5      | Reached XP level 5. HP: 21/29 MP: 7/11
  3520 | D:5      | Found a glowing golden altar of the Shining One.
  3581 | D:4      | Reached skill level 1 in Stealth
  3875 | D:3      | Noticed kegs's ghost (amateur HOFi)
  4159 | D:3      | Noticed Sigmund
  4792 | D:4      | Reached XP level 6. HP: 34/34 MP: 9/12
  5248 | D:4      | Learned a level 3 spell: Gell's Gravitas
  5252 | D:4      | Learned a level 3 spell: Lesser Beckoning
  5462 | D:5      | Found a staircase to the Ecumenical Temple.
  5476 | Temple   | Entered the Ecumenical Temple
  5571 | Temple   | Became a worshipper of Ashenzari the Shackled
  5680 | D:5      | Reached skill level 6 in Long Blades
  5826 | D:6      | Noticed an orc warrior
  5831 | D:6      | HP: 1/34 [orc warrior/glaive (18)]
  6057 | D:3      | Killed Sigmund
  6057 | D:3      | Reached XP level 7. HP: 30/38 MP: 10/13
  6360 | D:5      | Reached skill level 1 in Charms
  6383 | D:6      | Killed from afar by an orc priest

Skill      XL: |  1  2  3  4  5  6  7 |
---------------+----------------------+-----
Long Blades    | 2 3 4 5 6 |  6.8
Stealth        | 2 3 |  3.1
Charms         | 1 |  1.0
Fighting       | |  1.5
Throwing       | |  1.0
Armour         | |  0.7
Dodging        | |  2.4
Spellcasting   | |  3.0
Translocations | |  3.2

Action                   |  1- 3 |  4- 6 |  7- 9 || total
-------------------------+-------+-------+-------++-------
Melee: Falchion          |   161 |   221 |    19 ||   401
Throw: Stone             |     2 |       |       ||     2
       Tomahawk          |       |     6 |       ||     6
 Cast: Shroud of Golubri |    20 |    35 |     2 ||    57
       Blink             |       |     1 |       ||     1
Evoke: Wand              |       |     3 |       ||     3
  Use: Scroll            |       |    15 |       ||    15
       Potion            |       |     1 |       ||     1
  Eat: Chunk             |     6 |    10 |     1 ||    17
       Ration            |       |     1 |       ||     1
Armor: Leather armour    |    43 |    82 |       ||   125
Dodge: Dodged            |   120 |   199 |    11 ||   330
       Rpst.: Falchion   |    44 |    58 |     6 ||   108
